PBL
PALM BEACH NATIONALS @ CALGARY FLAMES
09/19/2049
 
TOP OF THE 1ST
Palm Beach Nationals batting - Pitching for Calgary Flames : RHP Bruce Boivin
Pitching: RHP Bruce Boivin
Batting: RHB Lou Ortman 0-0: Ball
1-0: Swinging Strike
1-1: Ball
2-1: Swinging Strike
2-2: Ball
3-2: Foul Ball, location: 2F
3-2: Foul Ball, location: 2F
3-2: Strikes out looking
Batting: LHB Ken Westfall 0-0: Ball
1-0: Ball
2-0: Called Strike
2-1: Swinging Strike
2-2: Ball
3-2: Foul Ball, location: 2F
3-2: Foul Ball, location: 2F
3-2: Strikes out swinging, 2-3 out at first.
Batting: SHB John Husson 0-0: Called Strike
0-1: Swinging Strike
0-2: Ball
1-2: Strikes out swinging
Top of the 1st over - 0 runs, 0 hits, 0 errors, 0 left on base; Palm Beach 0 - Calgary 0
BOTTOM OF THE 1ST
Calgary Flames batting - Pitching for Palm Beach Nationals : RHP Ben Lowe
Pitching: RHP Ben Lowe
Batting: RHB Jim Harkness 0-0: Foul Ball, location: 2F
0-1: Ball
1-1: Fly out, F8 (Line Drive, 8LM, EV 93.1 MPH)
Batting: SHB Yu-hsui Lew 0-0: Called Strike
0-1: Swinging Strike
0-2: Strikes out looking
Batting: SHB Steve Wipf 0-0: Ball
1-0: Foul Ball, location: 2F
1-1: Ball
2-1: Foul Ball, location: 2F
2-2: Ball
3-2: Reached on error, E6 (Groundball, 6S, EV 68.8 MPH)
Batting: SHB Shawnie Codbucket 0-0: Called Strike
0-1: Foul Ball, location: 2F
0-2: Ball
1-2: 2-RUN HOME RUN (Line Drive, 9LD, EV 99.4 MPH), Distance : 354 ft
Batting: RHB Juan Mercado 0-0: Swinging Strike
0-1: Swinging Strike
0-2: Ball
1-2: Foul Ball, location: 2F
1-2: Foul Ball, location: 2F
1-2: Ball
2-2: Fly out, F8 (Flyball, 78D, EV 81.2 MPH)
Bottom of the 1st over - 2 runs, 1 hit, 1 error, 0 left on base; Palm Beach 0 - Calgary 2
TOP OF THE 2ND
Palm Beach Nationals batting - Pitching for Calgary Flames : RHP Bruce Boivin
Batting: SHB Tim Schulz 0-0: Called Strike
0-1: Foul Ball, location: 2F
0-2: Ball
1-2: Strikes out swinging
Batting: LHB Mike Trentham 0-0: Ground out 3-1 (Groundball, 34, EV 85.6 MPH)
Batting: RHB Mike Hayes 0-0: Called Strike
0-1: Ball
1-1: Foul Ball, location: 2F
1-2: Strikes out swinging
Top of the 2nd over - 0 runs, 0 hits, 0 errors, 0 left on base; Palm Beach 0 - Calgary 2
BOTTOM OF THE 2ND
Calgary Flames batting - Pitching for Palm Beach Nationals : RHP Ben Lowe
Batting: RHB Juan Maravilla 0-0: Ball
1-0: Ball
2-0: Ball
3-0: Base on Balls
Batting: LHB Greg Robertson 0-0: Called Strike
0-1: SINGLE (Line Drive, 89S, EV 95.0 MPH)
Juan Maravilla to second
Batting: RHB Pablo Henriquez 0-0: Ball
1-0: Ball
2-0: DOUBLE (Line Drive, 9LS, EV 93.1 MPH)
Juan Maravilla scores
Greg Robertson to third
Runner from 3rd tries for Home, throw by RF and OUT! 9-4-2
Pinch Runner at 2nd Tyler Johnson:
Batting: RHB Chad Stady 0-0: Ball
1-0: SINGLE (Line Drive, 6MD, EV 106.9 MPH)
Tyler Johnson to third
Batting: RHB Jim Harkness 0-0: Ball
1-0: Foul Ball, location: 2F
1-1: Foul Ball, location: 2F
1-2: Ball
2-2: Ball
3-2: Strikes out swinging
Batting: SHB Yu-hsui Lew 0-0: Ball
1-0: SINGLE (Line Drive, 8RS, EV 102.5 MPH)
Tyler Johnson scores
Chad Stady to second
Batting: SHB Steve Wipf 0-0: Ball
1-0: Ball
2-0: Fielders Choice at 2nd, U4 (Groundball, 4M, EV 86.2 MPH)
Bottom of the 2nd over - 2 runs, 4 hits, 0 errors, 2 left on base; Palm Beach 0 - Calgary 4
TOP OF THE 3RD
Palm Beach Nationals batting - Pitching for Calgary Flames : RHP Bruce Boivin
Now at 2B: Tyler Johnson
Batting: RHB Tom Lyles 0-0: Ball
1-0: Foul Ball, location: 2F
1-1: SINGLE (Groundball, 6, EV 93.8 MPH)
Batting: RHB Ben Lowe 0-0: Called Strike
0-1: Ball
1-1: Ball
2-1: Swinging Strike
2-2: Strikes out swinging
Batting: RHB Abdul-Ra'uf bin Maimun 0-0: Grounds into double play, 4-6-3 (Groundball, 4, EV 85.0 MPH)
Top of the 3rd over - 0 runs, 1 hit, 0 errors, 0 left on base; Palm Beach 0 - Calgary 4
BOTTOM OF THE 3RD
Calgary Flames batting - Pitching for Palm Beach Nationals : RHP Ben Lowe
Batting: SHB Shawnie Codbucket 0-0: Ball
1-0: Foul Ball, location: 2F
1-1: Ball
2-1: Ground out 4-3 (Groundball, 4, EV 84.4 MPH)
Batting: RHB Juan Mercado 0-0: Ball
1-0: Ball
2-0: Ground out 3-1 (Groundball, 34S, EV 90.6 MPH)
Batting: RHB Juan Maravilla 0-0: DOUBLE (Line Drive, 9LS, EV 110.0 MPH)
Pinch Runner at 2nd Alejandro Patron:
Batting: LHB Greg Robertson 0-0: SINGLE (Groundball, 25, EV 65.0 MPH) (infield hit)
Alejandro Patron to third
Batting: RHB Tyler Johnson 0-0: Ball
1-0: Ball
2-0: Called Strike
2-1: Fly out, F9 (Line Drive, 9, EV 103.8 MPH)
Bottom of the 3rd over - 0 runs, 2 hits, 0 errors, 2 left on base; Palm Beach 0 - Calgary 4
TOP OF THE 4TH
Palm Beach Nationals batting - Pitching for Calgary Flames : RHP Bruce Boivin
Now at 3B: Alejandro Patron
Batting: RHB Lou Ortman 0-0: Called Strike
0-1: Swinging Strike
0-2: Strikes out swinging
Batting: LHB Ken Westfall 0-0: SINGLE (Groundball, 34D, EV 96.2 MPH)
Batting: SHB John Husson 0-0: Called Strike
0-1: Swinging Strike
0-2: Strikes out swinging
Batting: SHB Tim Schulz 0-0: Fly out, F9 (Flyball, 9S, EV 90.6 MPH)
Top of the 4th over - 0 runs, 1 hit, 0 errors, 1 left on base; Palm Beach 0 - Calgary 4
BOTTOM OF THE 4TH
Calgary Flames batting - Pitching for Palm Beach Nationals : RHP Ben Lowe
Batting: RHB Chad Stady 0-0: Ball
1-0: Ball
2-0: Ball
3-0: Base on Balls
Batting: RHB Jim Harkness 0-0: Ball
1-0: Foul Ball, location: 2F
1-1: Ball
2-1: Grounds into double play, 5-4-3 (Groundball, 5, EV 83.1 MPH)
Batting: SHB Yu-hsui Lew 0-0: Ball
1-0: Ball
2-0: Foul Ball, location: 2F
2-1: Ball
3-1: Base on Balls
Batting: SHB Steve Wipf 0-0: Foul Ball, location: 2F
0-1: Foul Ball, location: 2F
0-2: SINGLE (Line Drive, 7LM, EV 111.2 MPH)
Yu-hsui Lew to second
Runner from 2nd tries for 3rd, OUT! 7-5
Bottom of the 4th over - 0 runs, 1 hit, 0 errors, 1 left on base; Palm Beach 0 - Calgary 4
TOP OF THE 5TH
Palm Beach Nationals batting - Pitching for Calgary Flames : RHP Bruce Boivin
Batting: LHB Mike Trentham 0-0: Called Strike
0-1: Ground out 5-3 (Groundball, 5, EV 92.5 MPH)
Batting: RHB Mike Hayes 0-0: Ball
1-0: Foul Ball, location: 2F
1-1: SINGLE (Line Drive, 9LS, EV 93.1 MPH)
Batting: RHB Tom Lyles 0-0: Ball
1-0: Ball
2-0: Called Strike
2-1: Foul Ball, location: 2F
2-2: Strikes out swinging
Batting: RHB Ben Lowe 0-0: Called Strike
0-1: Ball
1-1: Foul Ball, location: 2F
1-2: Strikes out swinging
Top of the 5th over - 0 runs, 1 hit, 0 errors, 1 left on base; Palm Beach 0 - Calgary 4
BOTTOM OF THE 5TH
Calgary Flames batting - Pitching for Palm Beach Nationals : RHP Ben Lowe
Batting: SHB Shawnie Codbucket 0-0: Swinging Strike
0-1: Ball
1-1: Ball
2-1: Foul Ball, location: 2F
2-2: Foul Ball, location: 2F
2-2: Fly out, F8 (Flyball, 8LM, EV 80.6 MPH)
Batting: RHB Juan Mercado 0-0: Called Strike
0-1: Called Strike
0-2: Ground out 4-3 (Groundball, 13, EV 91.9 MPH)
Batting: RHB Alejandro Patron 0-0: Foul Ball, location: 2F
0-1: Ground out 6-3 (Groundball, 6, EV 101.2 MPH)
Bottom of the 5th over - 0 runs, 0 hits, 0 errors, 0 left on base; Palm Beach 0 - Calgary 4
TOP OF THE 6TH
Palm Beach Nationals batting - Pitching for Calgary Flames : RHP Bruce Boivin
Batting: RHB Abdul-Ra'uf bin Maimun 0-0: Foul Ball, location: 2F
0-1: Swinging Strike
0-2: Ball
1-2: Ball
2-2: Strikes out swinging
Batting: RHB Lou Ortman 0-0: Ground out 6-3 (Groundball, 6, EV 89.4 MPH)
Batting: LHB Ken Westfall 0-0: Ball
1-0: Called Strike
1-1: Swinging Strike
1-2: Strikes out swinging
Top of the 6th over - 0 runs, 0 hits, 0 errors, 0 left on base; Palm Beach 0 - Calgary 4
BOTTOM OF THE 6TH
Calgary Flames batting - Pitching for Palm Beach Nationals : RHP Ben Lowe
Batting: LHB Greg Robertson 0-0: Ball
1-0: Called Strike
1-1: Ball
2-1: Foul Ball, location: 2F
2-2: Ball
3-2: Base on Balls
Batting: RHB Tyler Johnson 0-0: Ball
1-0: Fly out, F7 (Line Drive, 78M, EV 91.2 MPH)
Batting: RHB Chad Stady 0-0: Ball
1-0: Ball
2-0: Fly out, F9 (Flyball, 89S, EV 76.9 MPH)
Batting: RHB Jim Harkness 0-0: Called Strike
0-1: Ball
1-1: Fielders Choice at 2nd, 6-4 (Groundball, 56, EV 81.2 MPH)
Bottom of the 6th over - 0 runs, 0 hits, 0 errors, 1 left on base; Palm Beach 0 - Calgary 4
TOP OF THE 7TH
Palm Beach Nationals batting - Pitching for Calgary Flames : RHP Bruce Boivin
Batting: SHB John Husson 0-0: Called Strike
0-1: Ball
1-1: Called Strike
1-2: Foul Ball, location: 2F
1-2: Foul Ball, location: 2F
1-2: Ball
2-2: Strikes out looking
Batting: SHB Tim Schulz 0-0: Ball
1-0: DOUBLE (Groundball, 3L, EV 105.0 MPH)
Batting: LHB Mike Trentham 0-0: Called Strike
0-1: Swinging Strike
0-2: Strikes out looking
Pitching: RHP Jake Costanzo
Batting: RHB Mike Hayes 0-0: Called Strike
0-1: Called Strike
0-2: Foul Ball, location: 2F
0-2: Foul Ball, location: 2F
0-2: Ball
1-2: Ball
2-2: Strikes out swinging
Top of the 7th over - 0 runs, 1 hit, 0 errors, 1 left on base; Palm Beach 0 - Calgary 4
BOTTOM OF THE 7TH
Calgary Flames batting - Pitching for Palm Beach Nationals : RHP Ben Lowe
Batting: SHB Yu-hsui Lew 0-0: Foul Ball, location: 2F
0-1: Ball
1-1: Ball
2-1: Foul Ball, location: 2F
2-2: Ball
3-2: Base on Balls
Batting: SHB Steve Wipf 0-0: Ball
1-0: Swinging Strike
1-1: Ball
2-1: Ball
3-1: Base on Balls
Yu-hsui Lew to second
Batting: SHB Shawnie Codbucket 0-0: Ball
Yu-hsui Lew steals 3rd base
1-0: Called Strike
1-1: Foul Ball, location: 2F
1-2: Ball
2-2: Ball
3-2: Foul Ball, location: 2F
3-2: Foul Ball, location: 2F
3-2: Foul Ball, location: 2F
3-2: Foul Ball, location: 2F
3-2: Base on Balls
Steve Wipf to second
Batting: RHB Juan Mercado 0-0: Ball
1-0: Ball
2-0: Ball
3-0: Base on Balls
Yu-hsui Lew scores
Steve Wipf to third
Shawnie Codbucket to second
Batting: RHB Alejandro Patron 0-0: Called Strike
0-1: Called Strike
0-2: Ball
1-2: Ball
2-2: Grounds into double play, 5-4-3 (Groundball, 56, EV 91.2 MPH)
Steve Wipf scores
Shawnie Codbucket to third
Batting: LHB Greg Robertson 0-0: Foul Ball, location: 2F
0-1: Ball
1-1: Ball
2-1: Called Strike
2-2: Ball
3-2: Foul Ball, location: 2F
3-2: 2-RUN HOME RUN (Line Drive, 8RXD, EV 117.5 MPH), Distance : 464 ft
Pitching: RHP Nelson Franco
Batting: RHB Tyler Johnson 0-0: Ball
1-0: Ball
2-0: Ball
3-0: Base on Balls
Batting: RHB Dennis Seebacher 0-0: Ball
1-0: 2-RUN HOME RUN (Flyball, 7D, EV 105.0 MPH), Distance : 417 ft
Batting: RHB Jim Harkness 0-0: SINGLE (Groundball, 6, EV 110.6 MPH)
Batting: SHB Yu-hsui Lew 0-0: Swinging Strike
0-1: Foul Ball, location: 2F
0-2: Foul Ball, location: 2F
0-2: SINGLE (Line Drive, 34D, EV 99.4 MPH)
Jim Harkness to second
Runner from 2nd tries for 3rd, OUT! 9-5
Bottom of the 7th over - 6 runs, 4 hits, 0 errors, 1 left on base; Palm Beach 0 - Calgary 10
TOP OF THE 8TH
Palm Beach Nationals batting - Pitching for Calgary Flames : RHP Jake Costanzo
Batting: RHB Tom Lyles 0-0: Ball
1-0: Ground out 1-3 (Groundball, P, EV 69.4 MPH)
Batting: RHB Vince Parris 0-0: Called Strike
0-1: Called Strike
0-2: Strikes out swinging, 2-3 out at first.
Batting: RHB Abdul-Ra'uf bin Maimun 0-0: Ball
1-0: Ball
2-0: Swinging Strike
2-1: Ball
3-1: Swinging Strike
3-2: Strikes out swinging
Top of the 8th over - 0 runs, 0 hits, 0 errors, 0 left on base; Palm Beach 0 - Calgary 10
BOTTOM OF THE 8TH
Calgary Flames batting - Pitching for Palm Beach Nationals : RHP Nelson Franco
Pinch Hitting: RHB Andy Thomas 0-0: Called Strike
0-1: Ball
1-1: Fly out, F7 (Flyball, 7, EV 88.8 MPH)
Batting: SHB Shawnie Codbucket 0-0: Ball
1-0: Fly out, F8 (Flyball, 8RD, EV 96.2 MPH)
Batting: RHB Juan Mercado 0-0: Ball
1-0: Ball
2-0: Ball
3-0: Base on Balls
Batting: RHB Alejandro Patron 0-0: Fielders Choice at 2nd, 6-4 (Groundball, 6, EV 78.8 MPH)
Bottom of the 8th over - 0 runs, 0 hits, 0 errors, 1 left on base; Palm Beach 0 - Calgary 10
TOP OF THE 9TH
Palm Beach Nationals batting - Pitching for Calgary Flames : RHP Jake Costanzo
Now at 1B: Matt Parkinson
Pinch Hitting: LHB Dusty Jones 0-0: Ball
1-0: Ground out 6-3 (Groundball, P, EV 88.1 MPH)
Batting: LHB Ken Westfall 0-0: Called Strike
0-1: Ball
1-1: Foul Ball, location: 2F
1-2: Ball
2-2: Ball
3-2: Fly out, F8 (Flyball, 8LS, EV 86.2 MPH)
Batting: SHB John Husson 0-0: Called Strike
0-1: Ground out 6-3 (Groundball, 6M, EV 95.6 MPH)
Top of the 9th over - 0 runs, 0 hits, 0 errors, 0 left on base; Palm Beach 0 - Calgary 10
Sunday, July 16th , 2023 - OOTP Baseball 24.6 Build 69